 Dungeon Crawl Stone Soup version 0.31-a0-256-g80acddb972 (webtiles) character file.

Game seed: 8896901227314038302

3378943 AIAndy the Slayer (level 27, 118/240 HPs)
             Began as a Demonspawn Fighter on Jan 1, 2020.
             Was the Champion of Dithmenos.
             Escaped with the Orb
             ... and 5 runes on July 13, 2023!
             The game lasted 08:13:17 (64887 turns).

AIAndy the Slayer (Demonspawn Fighter)             Turns: 64887, Time: 08:13:17

Health: 118/240    AC: 39    Str: 31    XL:     27
Magic:  33/33      EV: 24    Int:  9    God:    Dithmenos [******]
Gold:   7259       SH: 41    Dex: 32    Spells: 26/26 levels left

rFire   + + +        a - +9 broad axe "Micvomim" {speed, rElec Str+5 Dex+2}
rCold   + + +        X - +10 tower shield of Ignorance {rN+ Int-4}
rNeg    + + +        b - +6 plate armour of Ru's Grace {Will++ rCorr Str-5 Int+3}
rPois   +            T - +2 helmet "Mytu" {Drain rC+ Dex+4}
rElec   +            n - +2 cloak {rPois}
rCorr   +            i - +2 pair of gloves {Str+3}
SInv    .            (boots unavailable)
Will    +++++        g - amulet "Sexymn" {Reflect rC++ Str+4 Int+3 SH+5}
Stlth   ++++         B - ring "Paysh" {rPois rN++ Str+3 Dex+6}
HPRegen 0.60/turn    u - ring "Jydou" {rF++ rC+ Str+2 Int-3 Dex-2}
MPRegen 0.23/turn

%: reflection
@: mighty, hasted (expiring), wreathed by umbra, very quick
A: talons 3, molten scales 3, cold resistance 1, nightstalker 3, passive freeze,
powered by death 3, freezing cloud immunity, clumsy 1, strong-willed 1,
screaming 1
0: Orb of Zot
}: 5/15 runes: decaying, serpentine, slimy, silver, abyssal
a: Renounce Religion, Shadow Step, Shadow Form


You escaped.
You worshipped Dithmenos.
Dithmenos was exalted by your worship.
You visited 11 branches of the dungeon, and saw 55 of its levels.
You visited the Abyss 2 times.
You also visited: Gauntlet, Ice Cave and Volcano.

You collected 8622 gold pieces.
You spent 1363 gold pieces at shops.


Innate Abilities, Weirdness & Mutations

You have claws for feet.
You are completely covered in molten scales. (AC +4, rF+)
Your flesh is cold resistant. (rC+)
You are completely attuned to the shadows.
A frigid envelope surrounds you and freezes all who hurt you.
You regenerate a lot of health from kills.
You are immune to freezing clouds.
You are clumsy. (Dex -2)
You are strong-willed. (Will+)
You occasionally shout uncontrollably at your foes.


   Skills:
 + Level 24.5 Fighting
 - Level 5.0 Short Blades
 + Level 19.3(19.4) Axes
 - Level 2.1(12.9) Maces & Flails
 + Level 17.4 Armour
 + Level 17.2 Dodging
 + Level 24.0 Stealth
 + Level 19.1 Shields
 - Level 14.0 Invocations


You had 26 spell levels left.
You didn't know any spells.
Your spell library contained the following spells:

 Spells                   Type           Power      Damage    Failure   Level
 Animate Skeleton         Necr           0%         N/A       96%         1
 Apportation              Tloc           0%         N/A       96%         1
 Corona                   Hex            0%         N/A       96%         1
 Foxfire                  Conj/Fire      0%         2x1d4     96%         1
 Freeze                   Ice            0%         1d3       96%         1
 Magic Dart               Conj           0%         1d3       96%         1
 Necrotise                Necr           0%         1d4       96%         1
 Pain                     Necr           0%         1d4       96%         1
 Sandblast                Erth           0%         2d4       96%         1
 Slow                     Hex            0%         N/A       96%         1
 Summon Small Mammal      Summ           0%         N/A       96%         1
 Ensorcelled Hibernation  Hex/Ice        0%         N/A       99%         2
 Passwall                 Tmut/Erth      0%         N/A       99%         2
 Searing Ray              Conj           0%         2d4       99%         2
 Sublimation of Blood     Necr           0%         N/A       99%         2
 Wereblood                Tmut           0%         N/A       99%         2
 Call Canine Familiar     Summ           0%         N/A       100%        3
 Confusing Touch          Hex            0%         N/A       100%        3
 Dazzling Flash           Conj/Hex       0%         N/A       100%        3
 Frozen Ramparts          Ice            0%         1d1       100%        3
 Gell's Gravitas          Tloc           0%         N/A       100%        3
 Hailstorm                Conj/Ice       0%         3d3       100%        3
 Ignite Poison            Fire/Tmut/Pois 0%         N/A       100%        3
 Ozocubu's Armour         Ice            0%         N/A       100%        3
 Stone Arrow              Conj/Erth      0%         3d7       100%        3
 Summon Guardian Golem    Hex/Summ       0%         N/A       100%        3
 Swiftness                Air            0%         N/A       100%        3
 Tukima's Dance           Hex            0%         N/A       100%        3
 Vampiric Draining        Necr           0%         2d6       100%        3
 Animate Armour           Summ/Erth      0%         N/A       100%        4
 Animate Dead             Necr           0%         N/A       100%        4
 Cause Fear               Hex            0%         N/A       100%        4
 Fulminant Prism          Conj/Hex       0%         3d5       100%        4
 Iskenderun's Mystic Bla  Conj/Tloc      0%         2d3       100%        4
 Petrify                  Tmut/Erth      0%         N/A       100%        4
 Summon Ice Beast         Ice/Summ       0%         N/A       100%        4
 Summon Lightning Spire   Summ/Air       0%         N/A       100%        4
 Agony                    Necr           0%         N/A       100%        5
 Alistair's Intoxication  Tmut/Pois      0%         N/A       100%        5
 Borgnjor's Vile Clutch   Necr/Erth      0%         N/A       100%        5
 Irradiate                Conj/Tmut      0%         3d11      100%        5
 Lee's Rapid Deconstruct  Erth           0%         3d4*      100%        5
 Metabolic Englaciation   Hex/Ice        0%         N/A       100%        5
 Silence                  Hex/Air        0%         N/A       100%        5
 Yara's Violent Unravell  Hex/Tmut       0%         3d3       100%        5
 Death Channel            Necr           0%         N/A       100%        6
 Eringya's Noxious Bog    Tmut/Pois      0%         4d6       100%        6
 Plasma Beam              Fire/Air       0%         2x1d10    100%        6
 Shadow Creatures         Summ           N/A        N/A       100%        6
 Simulacrum               Ice/Necr       0%         N/A       100%        6
 Starburst                Conj/Fire      0%         6d3       100%        6
 Ice                      Form           N/A        N/A       100%        7
 Discord                  Hex            0%         N/A       100%        8
 Chain Lightning          Conj/Air       0%         N/A       100%        9
 Dragon's Call            Summ           0%         N/A       100%        9
 Fire Storm               Conj/Fire      0%         5d1       100%        9
 Shatter                  Erth           0%         3d5*      100%        9

Inventory:

Hand Weapons
 a - the +9 broad axe "Micvomim" (weapon) {speed, rElec Str+5 Dex+2}
   (You took it off a minotaur in a Gauntlet)

   Str:       It affects your strength (+5).
   Dex:       It affects your dexterity (+2).
   rElec:     It insulates you from electricity.
 x - a +9 dagger of flaming
 W - the +8 Wrath of Trog {antimagic, *Rage Rampage}
   (You found it on level 5 of the Vaults)

   It causes slowness and exhaustion when equipped.
   It extends the wielder's berserk rage when killing foes.
   *Rage:     It berserks you when you make melee attacks (+50% chance).
   Rampage:   It bestows one free step when moving towards enemies.
Missiles
 e - 1395 stones (quivered)
Armour
 b - the +6 plate armour of Ru's Grace (worn) {Will++ rCorr Str-5 Int+3}
   (You took it off a deep elf blademaster on level 3 of the Elven Halls)

   Str:       It affects your strength (-5).
   Int:       It affects your intelligence (+3).
   rCorr:     It protects you from acid and corrosion.
   Will:      It greatly increases your willpower.
 i - a +2 pair of gloves of strength (worn)
 n - a +2 cloak of poison resistance (worn)
 K - the +5 scale mail of Geudew {Contam rPois Dex+4 Slay+3}
   (You found it on level 10 of the Dungeon)

   Dex:       It affects your dexterity (+4).
   Slay:      It affects your accuracy & damage with ranged weapons and melee
   (+3).
   rPois:     It protects you from poison.
   Contam:    It causes magical contamination when unequipped.
 T - the +2 helmet "Mytu" (worn) {Drain rC+ Dex+4}
   (You found it in a Gauntlet)

   Dex:       It affects your dexterity (+4).
   rC:        It protects you from cold.
   Drain:     It drains your maximum health when unequipped.
 X - the +10 tower shield of Ignorance (worn) {rN+ Int-4}
   (You found it on level 3 of the Elven Halls)

   Int:       It affects your intelligence (-4).
   rN:        It protects you from negative energy.
Jewellery
 g - the amulet "Sexymn" (around neck) {Reflect rC++ Str+4 Int+3 SH+5}
   (You found it on level 2 of the Depths)

   [amulet of reflection]

   It reflects blocked missile attacks.
   Str:       It affects your strength (+4).
   Int:       It affects your intelligence (+3).
   rC:        It greatly protects you from cold.
   SH:        It affects your SH (+5).
 u - the ring "Jydou" (right hand) {rF++ rC+ Str+2 Int-3 Dex-2}
   (You took it off a frost giant on level 4 of the Depths)

   [ring of intelligence]

   Str:       It affects your strength (+2).
   Int:       It affects your intelligence (-3).
   Dex:       It affects your dexterity (-2).
   rF:        It greatly protects you from fire.
   rC:        It protects you from cold.
 B - the ring "Paysh" (left hand) {rPois rN++ Str+3 Dex+6}
   (You found it in a Gauntlet)

   [ring of dexterity]

   Str:       It affects your strength (+3).
   Dex:       It affects your dexterity (+6).
   rPois:     It protects you from poison.
   rN:        It greatly protects you from negative energy.
 I - the ring "Kuc Miunt" {rCorr Str+5 Dex+3}
   (You found it on level 5 of the Pits of Slime)

   [ring of resist corrosion]

   Str:       It affects your strength (+5).
   Dex:       It affects your dexterity (+3).
   rCorr:     It protects you from acid and corrosion.
 J - the ring "Usob" {rPois Will+ Dex+3 SInv}
   (You found it on level 2 of the Depths)

   [ring of see invisible]

   Dex:       It affects your dexterity (+3).
   rPois:     It protects you from poison.
   SInv:      It lets you see invisible.
   Will:      It increases your willpower.
 P - the ring of Togic {rPois rF+ Will+ Int-3}
   (You found it in a Gauntlet)

   [ring of poison resistance]

   Int:       It affects your intelligence (-3).
   rF:        It protects you from fire.
   rPois:     It protects you from poison.
   Will:      It increases your willpower.
 S - the ring "Vueph" {rCorr Str+8}
   (You found it on level 5 of the Pits of Slime)

   [ring of resist corrosion]

   Str:       It affects your strength (+8).
   rCorr:     It protects you from acid and corrosion.
Wands
 k - a wand of iceblast (16)
 t - a wand of light (3)
 v - a wand of paralysis (45)
 y - a wand of acid (34)
 C - a wand of mindburst (54)
 D - a wand of roots (28)
 F - a wand of digging (5)
 H - a wand of charming (21)
Scrolls
 f - 3 scrolls of poison
 h - 21 scrolls of teleportation {@r4}
 j - 8 scrolls of fog
 m - 31 scrolls of identify {@r1}
 p - 2 scrolls of enchant weapon
 A - a scroll of holy word
 E - 4 scrolls of enchant armour
 G - 2 scrolls of fear
 O - 6 scrolls of blinking
 R - 4 scrolls of silence {!r}
 V - 6 scrolls of revelation
 Y - 3 scrolls of summoning
Potions
 d - 7 potions of might
 l - 5 potions of cancellation
 o - 4 potions of ambrosia
 q - 22 potions of curing {@q1}
 s - 4 potions of haste {@q3}
 w - 10 potions of heal wounds {@q2}
 z - 5 potions of resistance
 L - 6 potions of mutation {!q}
 M - 10 potions of berserk rage {!q}
 N - 6 potions of brilliance
 U - 3 potions of enlightenment
Miscellaneous
 c - a condenser vane
 r - a lightning rod (4/4)
 Q - a phantom mirror
 Z - a phial of floods

Dungeon Overview and Level Annotations

Branches:
Dungeon (15/15)            Temple (1/1) D:7            Lair (6/6) D:10
  Swamp (4/4) Lair:4        Snake (4/4) Lair:3        Slime (5/5) Lair:5
    Orc (2/2) D:12            Elf (3/3) Orc:2        Vaults (5/5) D:14
  Crypt (0/3) Vaults:3     Depths (5/5) D:15            Zot (5/5) Depths:4
  IceCv (visited)         Volcano (visited)         Gauntlet (visited)

Altars:
Ashenzari
Cheibriados
Dithmenos
Fedhas
Gozag
Hepliaklqana
Kikubaaqudgha
Makhleb
Nemelex Xobeh
Okawaru
Qazlal
Ru
Sif Muna
Trog
Uskayaw
Vehumet
Wu Jian
Xom
Yredelemnul
Jiyva

Shops:
D:5 !   D:6 *   D:9 [   D:14 !x   Orc:1 *   Orc:2 ((?x   Elf:3 **:
Snake:1 ==x!

Portals:
Hell: Depths:1 Depths:2 Depths:3 Depths:4 Depths:5
Abyss: Depths:3 Depths:4 Depths:5
Pandemonium: Depths:1 Depths:2 Depths:3 Depths:5
Ziggurat: Depths:1
Trove: Depths:2 (give 2 scrolls of acquirement)

Annotations:
D:11 exclusion: obsidian statue

##.# #.#
#........... ##[#
#.# #...........
##.# #'#
###......... ##.#
##.## #≈####......
##.# #...# ###
≈≈≈##...... ##.#
##...###.##
#≈≈#.###.# ##.#
#.....#...# ##≈≈#.#
#.#
##.######.....#...#
##.≈≈..# #.#
##...÷..#..8..4.@.#
##~~≈≈.## #.#
#######.#.....#...#
#..~~~..# #.#
#######)#.....#...#
#.~..~..# #.#
......#.##...###.##
#....~.~###.#
.........#...# ###
#...~~.~.##.#
........###.##
#.~..≈~~.##'#
..........#'#
#..~≈........
........#...#
#.~.~~.......
........#####
#...~~.......


You could see a red devil.


Message History

Lyarul is almost dead.
Lyarul gestures.
You hit Lyarul. You claw Lyarul, but do no damage.
Lyarul is almost dead.
You slice the Tzitzimitl!! The balrug gestures at you.
The sticky flame hits you but does no damage.
You are covered in liquid flames!
You closely miss Lyarul. You claw Lyarul, but do no damage.
Lyarul is almost dead.
You slash the Tzitzimitl!
You are covered in liquid flames!
You block Lyarul's attack.
You slice Lyarul!!
You kill Lyarul!
Dithmenos accepts your kill.
The balrug disappears in a puff of smoke!
The Tzitzimitl disappears in a puff of smoke!
You are covered in liquid flames!
You are covered in liquid flames!
You are covered in liquid flames!
You are no longer on fire.
You see here a +0 dagger.
There is an open door here.
A red devil comes into view. It is wielding a +0 trident.
Your extra speed is starting to run out.
You block the red devil's attack.
There is an open door here.
There is a staircase leading out of the dungeon here.
You have escaped!

Skill      XL: |  1  2  3  4  5  6  7  8  9 10 11 12 13 14 15 16 17 18 19 20 21 22 23 24 25 26 27 |
---------------+----------------------------------------------------------------------------------+-----
Fighting       | 4 5 6 7 9 10 11 12 13 14 15 16 17 18 19 20 22 23 24 | 24.5
Short Blades   | 2 3 4 5 |  5.0
Stealth        | 1 2 3 4 6 7 9 10 12 13 14 15 16 17 18 19 20 22 23 24 | 24.0
Shields        | 3 4 5 6 7 9 10 11 12 13 14 15 16 17 18 19 | 19.1
Maces & Flails | 2 |  2.1
Invocations    | 1 7 9 10 11 13 14 | 14.0
Axes           | 3 5 7 9 11 12 13 14 15 16 17 18 19 | 19.3
Armour         | 3 6 8 10 11 12 13 14 15 16 17 | 17.4
Dodging        | 2 5 7 9 11 12 13 14 15 16 17 | 17.2

Action                     |  1- 3 |  4- 6 |  7- 9 | 10-12 | 13-15 | 16-18 | 19-21 | 22-24 | 25-27 || total
---------------------------+-------+-------+-------+-------+-------+-------+-------+-------+-------++-------
  Melee: Rapier            |    60 |       |       |       |       |       |       |       |       ||    60
         Dagger            |    48 |   206 |   286 |    66 |    96 |   248 |   124 |   127 |       ||  1201
         Kick              |       |       |    78 |   261 |   209 |   387 |   668 |   615 |  1158 ||  3376
         Whip              |       |       |    45 |   523 |    43 |       |       |       |       ||   611
         Broad axe         |       |       |       |       |   403 |   908 |  1027 |   966 |  1998 ||  5302
         Scimitar          |       |       |       |       |     4 |    22 |       |       |       ||    26
  Throw: Stone             |       |       |       |       |       |     5 |       |       |       ||     5
 Invoke: Shadow Step       |       |       |       |       |     2 |    22 |     1 |     1 |       ||    26
         Shadow Form       |       |       |       |       |       |       |       |       |     1 ||     1
  Evoke: Wand              |       |     1 |    11 |    48 |     5 |       |       |       |       ||    65
         Phial of floods   |       |       |       |     1 |       |       |       |       |       ||     1
    Use: Scroll            |       |     4 |    14 |     6 |    21 |     9 |     6 |     9 |     1 ||    70
         Potion            |       |       |       |     2 |     4 |     1 |     2 |     7 |    11 ||    27
   Stab: Sleeping          |     1 |     9 |    19 |    49 |    60 |   179 |    89 |    79 |   132 ||   617
         Distracted        |       |     1 |       |     1 |     4 |    19 |    12 |     8 |    31 ||    76
         Paralysed         |       |       |     5 |     1 |     2 |       |       |       |       ||     8
         Invisible         |       |       |       |       |       |     1 |     9 |       |    35 ||    45
         Confused          |       |       |       |       |       |       |       |       |     1 ||     1
    Eat: Removed food      |     1 |     8 |    12 |    13 |    14 |    28 |    24 |    12 |       ||   112
         Removed food      |       |       |     1 |     4 |     3 |     3 |       |     1 |       ||    12
 Armour: Scale mail        |    33 |       |       |   154 |   214 |   334 |   184 |   230 |    43 ||  1192
         Ring mail         |     7 |    63 |    88 |    72 |       |       |       |       |       ||   230
         Plate armour      |       |       |       |       |       |       |       |       |   172 ||   172
  Dodge: Dodged            |    25 |    60 |    70 |   167 |   171 |   321 |   430 |   612 |   435 ||  2291
  Block: Kite shield       |    37 |   104 |   143 |   373 |   433 |   831 |   682 |   852 |   345 ||  3800
         Reflection        |       |       |       |       |       |       |       |    42 |    68 ||   110
         Tower shield      |       |       |       |       |       |       |       |       |  1233 ||  1233
Riposte: Scimitar          |       |       |       |       |     1 |     2 |       |       |       ||     3

Levels and vault maps discovered:
D:1:      minmay_arrival_shattered_statue, layout_basic, serial_rivers,
          chequers_serial_rivers_small_3, chequers_serial_rivers_small_3,
          chequers_serial_rivers_marsh, chequers_serial_rivers_small_a,
          chequers_serial_rivers_large_b
D:2:      layout_loops_ring, dancing_weapons_uskayaw
D:3:      kennysheep_slugbush, layout_rooms, lemuel_doored_altar,
          elyvilon_altar_3
D:4:      layout_layer_cave
D:5:      layout_loops_cross, nicolae_ru_the_path_less_chosen, first_ration,
          serial_shops, shop, uniq_edmund
D:6:      layout_layer_cave, led_sif_pool, serial_shops, shop, basic_altar,
          roderic_lattice_a, roderic_malta_cross, minivault_27,
          nicolae_gozag_seed_capital
D:7:      layout_loops_ring, minmay_temple_entry_junction,
          kennysheep_pointless_box
D:8:      layout_basic, fiery_altar_vehumet, nicolae_overflow_hidden_temple,
          blue_anna_alchemist [blue_anna_fruit_fields, blue_anna_fruit_fields],
          minmay_fractal_squares_5, uniq_maurice
D:9:      layout_basic, serial_shops, shop, minmay_pinched_square
D:10:     wad_pebble_path, layout_irregular_city, david_lair_generic,
          tso_metal_star
D:11:     layout_loops_ring, minmay_protected_statue
D:12:     layout_roguey, orc_0_dummy, portal_ice_cave_entry_pillars_2
D:13:     layout_loops_corners, einodemon_crawler_minivault, uniq_kirke
D:14:     kennysheep_demon_hangout, layout_loops_corners, erik_vaults_1,
          serial_shops, shop_coins, shop, minivault_27, minmay_curled_crystal
D:15:     grunt_enter_depths_giant_problem, layout_basic,
          minmay_misc_feat_four_crosses, lemuel_oklob_altar
Temple:   regret_index_temple_waves
Lair:1:   layout_hall_layers, gauntlet_entry_generic,
          infiniplex_staircase_pool_2
Lair:2:   layout_roguey [special_room_bee]
Lair:3:   layout_regular_city, guppyfry_snake_entry_island,
          cheibrodos_lair_reptile_den, serial_bayou_shore_a, uniq_sonja
Lair:4:   layout_roguey, swamp_mist_pool
Lair:5:   layout_regular_city, slime_dummy, lightli_volcano_entry_magma_tube,
          pond
Lair:6:   minmay_lair_end_frog_pond, layout_loops_ring
Swamp:1:  layout_falls_marsh, evilmike_swamp_ruin_house_5
Swamp:2:  cheibrodos_swamp_monstrosity, layout_falls_marsh,
          evilmike_swamp_ruin_house_4, swamp_pool1
Swamp:3:  layout_falls_marsh, evilmike_swamp_ruin_house_2, uniq_nikola
Swamp:4:  swamp_old_school, layout_basic_swamp, ebering_ghost_xom
Snake:1:  layout_misc_corridors, serial_shops, shop, minmay_shop_mayhem,
          grunt_megastairs_3, lemuel_fruit_tree, minmay_shop_grove
Snake:2:  layout_basic, nrook_loot_triangle
Snake:3:  layout_layer_cave
Snake:4:  grunt_snake_rune_pools, layout_rooms, uniq_agnes
Slime:1:  layout_caves, cheibrodos_slime_lost_civilization_5
Slime:2:  layout_caves
Slime:3:  layout_caves
Slime:4:  layout_caves
Slime:5:  slime_pit
Orc:1:    layout_caves, serial_shops, shop_fountains, uniq_urug, uniq_nergalle
Orc:2:    pubby_orc_utopia
Elf:1:    minmay_elf_arrival_circle, layout_geoelf_diagonals, minivault_28,
          orc_legates
Elf:2:    nicolae_elf_blades_crystal_corner, layout_loops_corners,
          ebering_ghost_rock_garden, solitary_fountain, uniq_zenata
Elf:3:    minmay_elf_hall_curves, layout_geoelf_castle, serial_shops,
          nicolae_book_shop_shelving, grunt_ministairs_2, minmay_shop_star,
          uniq_roxanne
Vaults:1: nicolae_vaults_three_branches, v_misc_26, vaults_room_boxed,
          v_rooms_6, nicolae_vaults_yaktaur_gun_rack,
          nicolae_vaults_circle_grid_a, ontoclasm_vaults_shuriken, serial_ice_m,
          vaults_room_grunt_arrival_checkpoint, layout_vaults_omnicross,
          uniq_saint_roka
Vaults:2: v_misc_25, vaults_room_grid, vaults_mumra_hexcomb,
          ontoclasm_vaults_misaligned, vaults_room_large_hall, v_misc_2,
          hangedman_vaults_pinch, v_alt_pattern_6, layout_vaults_omnigrid
Vaults:3: nicolae_vaults_twisting_passages, ontoclasm_vaults_decontamination,
          v_misc_30, nicolae_vaults_little_squares_3,
          nicolae_vaults_stairing_the_circle, minmay_crypt_entry_necro_gods,
          nicolae_vaults_network_barrier, st_squares, vaults_room_fancy_cross,
          vaults_room_corners, v_misc_29, nicolae_vaults_hallways_thing,
          layout_vaults_omnibox
Vaults:4: nicolae_vaults_diagonal_hallway_9, nicolae_vaults_disjoint_gnomons,
          nicolae_vaults_network_square, v_pattern_5, vaults_mumra_minichess,
          nicolae_vaults_shelves_hall, nicolae_vaults_little_squares_3,
          nicolae_vaults_theta, nicolae_vaults_diagonal_hallway_8, v_misc_23,
          nicolae_vaults_little_squares_4, dpeg_vaults_monster_row, v_misc_10,
          layout_vaults_ring
Vaults:5
Depths:1: layout_gridlike, enter_ziggurat_c, dk_noncrumbling_3,
          grunt_hell_entry_dis_mu, pan_entry, special_room
          [special_room_morgue], hallowed_hall
Depths:2: evilmike_wizard_prison, layout_cave_pools, serial_sigils,
          serial_sigils_hangedman_leer, serial_sigils_hangedman_scar,
          serial_sigils_hangedman_snap, serial_sigils_hangedman_clutch,
          serial_sigils_hangedman_writhe, special_room
          [special_room_mythical_zoo], hell_entry, nrook_campfire,
          enter_trove_0, pan_entry
Depths:3: minmay_concentric_multi, layout_basic, grunt_pan_entry_zigzag,
          minmay_misc_feat_encased, pf_coc_iceberg, uniq_aizul, uniq_margery
Depths:4: hangedman_pleasuredromes, abyss_entry, hell_entry
Depths:5: evilmike_zot_entry_round, layout_gridlike, grunt_pan_entry_sceptre,
          minivault_14, abyss_entry_small_statue_room, hell_entry
Zot:1:    layout_gridlike
Zot:2:    layout_twisted_circle
Zot:3:    layout_cellular_growth, grunt_megastairs_4, uniq_josephina
Zot:4:    layout_misc_corridors, grunt_ministairs_12, st_stairs_3
Zot:5:    layout_basic

Notes
Turn   | Place    | Note
-------+----------+-------------------------------------------
     0 | D:1      | AIAndy the Demonspawn Fighter began the quest for the Orb.
     0 | D:1      | Reached XP level 1. HP: 18/18 MP: 1/1
   119 | D:1      | Gained mutation: You are slightly more attuned to the
                  | shadows. [demonic ancestry]
   119 | D:1      | Reached XP level 2. HP: 21/25 MP: 2/2
   365 | D:1      | Reached skill level 4 in Fighting
   779 | D:2      | Reached XP level 3. HP: 30/30 MP: 3/3
   971 | D:2      | Reached skill level 2 in Short Blades
  1027 | D:2      | Noticed an ogre
  1046 | D:2      | Killed an ogre
  1046 | D:2      | Reached skill level 1 in Stealth
  1046 | D:2      | Reached skill level 3 in Shields
  1046 | D:2      | Gained mutation: You are partially covered in molten
                  | scales. (AC +2) [demonic ancestry]
  1046 | D:2      | Reached XP level 4. HP: 26/38 MP: 4/4
  1064 | D:2      | Gained mutation: You are mostly covered in molten scales.
                  | (AC +3) [demonic ancestry]
  1064 | D:2      | Reached XP level 5. HP: 31/43 MP: 5/5
  1166 | D:2      | Found a hide-covered altar of Uskayaw.
  1167 | D:2      | Noticed a +0 hand axe
  1167 | D:2      | Noticed a +0 dagger
  1469 | D:2      | Reached skill level 2 in Stealth
  1681 | D:3      | Reached skill level 5 in Fighting
  2032 | D:3      | Found a snail-covered altar of Cheibriados.
  2064 | D:3      | Gained mutation: You are significantly more attuned to the
                  | shadows. [demonic ancestry]
  2064 | D:3      | Reached XP level 6. HP: 22/51 MP: 6/6
  2303 | D:3      | Found a white marble altar of Elyvilon.
  2907 | D:4      | Reached skill level 4 in Shields
  3682 | D:5      | Entered Level 5 of the Dungeon
  3720 | D:5      | Reached skill level 3 in Stealth
  3720 | D:5      | Reached XP level 7. HP: 39/57 MP: 7/7
  3845 | D:5      | Noticed Edmund
  3854 | D:5      | Found Lehusch's Distillery.
  3859 | D:5      | Bought a potion of haste for 100 gold pieces
  3859 | D:5      | Bought a potion of agility for 40 gold pieces
  3888 | D:5      | Reached skill level 3 in Short Blades
  4006 | D:5      | Identified the Handbook of the Unstable Arsonist
  4133 | D:5      | Found a sacrificial altar of Ru.
  4696 | D:6      | Found an opulent altar of Gozag.
  4707 | D:6      | Reached skill level 6 in Fighting
  5122 | D:6      | Found Lieff's General Store.
  5403 | D:6      | Found a shimmering blue altar of Sif Muna.
  5492 | D:6      | Found a shimmering altar of Xom.
  5940 | D:7      | Reached skill level 4 in Stealth
  5940 | D:7      | Reached skill level 5 in Shields
  5949 | D:7      | Gained mutation: You have sharp toenails. [demonic
                  | ancestry]
  5949 | D:7      | Reached XP level 8. HP: 53/65 MP: 8/8
  6124 | D:7      | Found a staircase to the Ecumenical Temple.
  6131 | Temple   | Entered the Ecumenical Temple
  6168 | Temple   | Became a worshipper of Dithmenos the Shadowed
  6845 | D:7      | Reached skill level 7 in Fighting
  6845 | D:7      | Reached skill level 5 in Stealth
  7279 | D:8      | Found a radiant altar of Vehumet.
  7351 | D:8      | Noticed Maurice
  7362 | D:8      | Reached skill level 6 in Shields
  7426 | D:8      | Killed Maurice
  7426 | D:8      | Reached skill level 6 in Stealth
  7426 | D:8      | Reached XP level 9. HP: 43/74 MP: 9/9
  7433 | D:8      | Reached skill level 8 in Fighting
  7591 | D:8      | Reached * piety under Dithmenos
  7858 | D:8      | Reached skill level 7 in Shields
  7933 | D:8      | Got a shimmering whip
  7934 | D:8      | Identified the +10 whip of Distant Shores {slash, rPois rN+
                  | Int-3} (You found it on level 8 of the Dungeon)
  8161 | D:8      | Found a shattered altar of Ashenzari.
  8169 | D:8      | Found a glowing silver altar of Zin.
  8487 | D:9      | Noticed a two-headed ogre
  8496 | D:9      | Killed a two-headed ogre
  8496 | D:9      | Reached skill level 9 in Fighting
  8496 | D:9      | Reached skill level 7 in Stealth
  8537 | D:9      | Gained mutation: You regenerate a little health from kills.
                  | [demonic ancestry]
  8537 | D:9      | Reached XP level 10. HP: 41/83 MP: 10/10
  8719 | D:9      | Noticed a skeletal warrior
  8727 | D:9      | Reached skill level 8 in Shields
  8735 | D:9      | Killed a skeletal warrior
  8735 | D:9      | Reached skill level 8 in Stealth
  8763 | D:9      | HP: 5/83 [meliai/divine providence (16)]
  9095 | D:9      | Identified the cursed +0 trident "Naeng" {pain, Fragile
                  | +Rage rElec rF+}
  9275 | D:9      | Reached ** piety under Dithmenos
  9398 | D:9      | Found Moseroleu's Armour Emporium.
  9503 | D:9      | Reached skill level 1 in Maces & Flails
  9772 | D:9      | Reached skill level 10 in Fighting
  9978 | D:10     | Entered Level 10 of the Dungeon
 10013 | D:10     | Reached skill level 2 in Maces & Flails
 10029 | D:10     | Found a glowing golden altar of the Shining One.
 10054 | D:10     | Reached skill level 9 in Stealth
 10131 | D:10     | Killed an unseen horror
 10131 | D:10     | Reached skill level 9 in Shields
 10478 | D:10     | Reached XP level 11. HP: 80/92 MP: 11/11
 10596 | D:10     | Found a staircase to the Lair.
 10602 | D:10     | Reached *** piety under Dithmenos
 10621 | D:10     | HP: 6/92 [elephant (13)]
 10986 | D:10     | Got an encrusted scale mail
 10987 | D:10     | Identified the +5 scale mail of Geudew {*Contam rPois Dex+4
                  | Slay+3} (You found it on level 10 of the Dungeon)
 11149 | D:10     | Killed an unseen horror
 11401 | D:11     | Noticed an obsidian statue
 11428 | D:11     | Identified a potion of resistance
 12593 | D:11     | Noticed a soul eater
 12667 | D:12     | Reached skill level 11 in Fighting
 12667 | D:12     | Reached skill level 10 in Stealth
 12676 | D:12     | Noticed a two-headed ogre
 12681 | D:12     | Killed a two-headed ogre
 12728 | D:12     | Reached skill level 10 in Shields
 12828 | D:12     | Found a frozen archway.
 12831 | D:12     | Reached **** piety under Dithmenos
 12861 | IceCv    | Entered an ice cave
 13928 | IceCv    | Got a fine turquoise ring
 13929 | IceCv    | Identified the ring of Insomnia {rC+ Str+6} (You found it
                  | in an ice cave)
 14005 | IceCv    | Noticed a death yak
 14006 | IceCv    | Noticed a death yak
 14017 | IceCv    | Killed a death yak
 14028 | IceCv    | Killed a death yak
 14028 | IceCv    | Reached XP level 12. HP: 85/102 MP: 12/12
 14039 | IceCv    | Reached skill level 11 in Stealth
 14205 | IceCv    | Reached skill level 12 in Fighting
 14545 | IceCv    | Noticed a death yak
 14546 | IceCv    | Noticed a frost giant
 14559 | IceCv    | Killed a death yak
 14559 | IceCv    | Reached skill level 11 in Shields
 14567 | IceCv    | Killed a frost giant
 14584 | IceCv    | Reached ***** piety under Dithmenos
 14807 | D:12     | Reached skill level 12 in Stealth
 14920 | D:12     | Noticed a four-headed hydra
 14926 | D:12     | Killed a four-headed hydra
 15079 | D:12     | Found a staircase to the Orcish Mines.
 15212 | D:12     | Reached skill level 1 in Invocations
 15517 | Lair:1   | Entered Level 1 of the Lair of Beasts
 15667 | Lair:1   | Found a gate leading to a gauntlet.
 15678 | Gauntlet | Entered a Gauntlet
 15678 | Gauntlet | Found a transporter.
 15678 | Gauntlet | Found a transporter.
 15678 | Gauntlet | Found a large runed translucent door.
 15678 | Gauntlet | Found a large runed translucent door.
 15678 | Gauntlet | Found a large runed translucent door.
 15678 | Gauntlet | Found a large runed translucent door.
 15678 | Gauntlet | Found a large runed translucent door.
 15678 | Gauntlet | Found a large runed translucent door.
 15678 | Gauntlet | Found a runed translucent door.
 15678 | Gauntlet | Found a runed translucent door.
 15679 | Gauntlet | Found a large runed translucent door.
 15680 | Gauntlet | Found a large runed translucent door.
 15685 | Gauntlet | Found a large runed translucent door.
 15687 | Gauntlet | Found a transporter.
 15687 | Gauntlet | Found a large runed translucent door.
 15688 | Gauntlet | Found a large runed translucent door.
 15688 | Gauntlet | Found a large runed translucent door.
 15689 | Gauntlet | Found a runed translucent gate.
 15709 | Gauntlet | Noticed a death ooze
 15713 | Gauntlet | Found a transporter.
 15728 | Gauntlet | Found a transporter.
 15728 | Gauntlet | Found a transporter.
 15728 | Gauntlet | Noticed a green death
 15745 | Gauntlet | Found a transporter.
 15775 | Gauntlet | Found a transporter.
 15807 | Gauntlet | Identified a +0 buckler of resistance
 15807 | Gauntlet | Noticed a tengu warrior
 15814 | Gauntlet | Found a transporter.
 15822 | Gauntlet | Found a transporter.
 15837 | Gauntlet | Found a transporter.
 15850 | Gauntlet | Found a transporter.
 15932 | Gauntlet | Found a large runed translucent door.
 15933 | Gauntlet | Found a large runed translucent door.
 15934 | Gauntlet | Found a large runed translucent door.
 15934 | Gauntlet | Found a large runed translucent door.
 15935 | Gauntlet | Found a runed translucent gate.
 15944 | Gauntlet | Found a transporter.
 15944 | Gauntlet | Found a runed translucent gate.
 15952 | Gauntlet | Found a transporter.
 15975 | Gauntlet | Found a transporter.
 15975 | Gauntlet | Noticed a hell hog
 15982 | Gauntlet | Found a transporter.
 16080 | Gauntlet | Reached XP level 13. HP: 95/109 MP: 14/14
 16087 | Gauntlet | Reached skill level 2 in Invocations
 16091 | Gauntlet | Reached skill level 13 in Fighting
 16106 | Gauntlet | Got a sparkling tin ring
 16109 | Gauntlet | Identified the ring of Togic {rPois rF+ MR+ Int-3} (You
                  | found it in a Gauntlet)
 16329 | Gauntlet | Reached skill level 3 in Invocations
 16439 | Gauntlet | Got a pitted iron ring
 16468 | Gauntlet | Got a crude helmet
 16483 | Gauntlet | Killed a green death
 16723 | Gauntlet | Identified the +9 broad axe "Micvomim" {speed, rElec Str+5
                  | Dex+2}
 16723 | Gauntlet | Identified the ring of Untruth {rCorr SInv}
 16723 | Gauntlet | Noticed a minotaur
 16737 | Gauntlet | Killed a minotaur
 17233 | Lair:1   | Identified the +2 helmet "Mytu" {*Drain rC+ Dex+4} (You
                  | found it in a Gauntlet)
 17251 | Lair:1   | Identified the ring "Paysh" {rPois rN++ Str+3 Dex+6} (You
                  | found it in a Gauntlet)
 17523 | Lair:1   | Reached skill level 12 in Shields
 17743 | Lair:2   | Reached skill level 4 in Invocations
 18229 | Lair:2   | Reached skill level 1 in Axes
 18268 | Lair:2   | Reached skill level 5 in Invocations
 18802 | Lair:3   | Reached skill level 2 in Axes
 18892 | Lair:3   | Reached ****** piety under Dithmenos
 18916 | Lair:3   | Noticed Sonja
 18923 | Lair:3   | Killed Sonja
 19113 | Lair:3   | Found a staircase to the Snake Pit.
 19119 | Lair:3   | Reached skill level 6 in Invocations
 19477 | Lair:4   | Found a staircase to the Swamp.
 19566 | Lair:4   | Identified the +3 chain mail of Yesterday {-Cast rCorr
                  | Stlth+} (You found it on level 4 of the Lair of Beasts)
 19755 | Lair:4   | Reached skill level 3 in Axes
 20106 | Lair:5   | Reached skill level 13 in Stealth
 20202 | Lair:5   | Found a dark tunnel.
 20220 | Volcano  | Entered a volcano
 20481 | Volcano  | Found a burning altar of Makhleb.
 20494 | Volcano  | Reached skill level 7 in Invocations
 20494 | Volcano  | Gained mutation: You regenerate health from kills. [demonic
                  | ancestry]
 20494 | Volcano  | Reached XP level 14. HP: 111/119 MP: 19/19
 21131 | Lair:5   | Found a staircase to the Slime Pits.
 21700 | Lair:6   | Entered Level 6 of the Lair of Beasts
 21773 | Lair:6   | Reached skill level 8 in Invocations
 21775 | Lair:6   | Reached skill level 14 in Fighting
 21971 | Lair:6   | Reached skill level 13 in Shields
 21981 | Lair:6   | Reached skill level 4 in Axes
 22258 | Lair:6   | Identified the ring of Cajoiffe {*Tele Str+4 Int+3} (You
                  | found it on level 6 of the Lair of Beasts)
 22286 | Lair:6   | Reached skill level 9 in Invocations
 23109 | D:6      | Bought a potion of mutation for 120 gold pieces
 23154 | D:5      | Bought a potion of cancellation for 80 gold pieces
 23166 | D:5      | Killed Edmund
 23171 | D:5      | Identified a potion of experience
 23171 | D:5      | Reached skill level 5 in Axes
 23171 | D:5      | Reached skill level 14 in Stealth
 23171 | D:5      | Gained mutation: You have razor-sharp toenails. [demonic
                  | ancestry]
 23171 | D:5      | Reached XP level 15. HP: 127/127 MP: 20/22
 23316 | D:10     | Upgraded the game from 0.25-a0-346-g140ab784a8 to
                  | 0.25-a0-410-g53dbb631d1
 23437 | Swamp:1  | Entered Level 1 of the Swamp
 23523 | Swamp:1  | Reached skill level 10 in Invocations
 23601 | Swamp:1  | Reached XP level 16. HP: 134/134 MP: 23/23
 23698 | Swamp:1  | Got an encrusted plate armour
 23733 | Swamp:1  | Reached skill level 6 in Axes
 24262 | Swamp:2  | Reached skill level 15 in Fighting
 24703 | Swamp:2  | Identified the cursed +0 plate armour of Philately {rCorr}
                  | (You found it on level 1 of the Swamp)
 24868 | Swamp:2  | Noticed a tentacled monstrosity
 24889 | Swamp:2  | Killed a tentacled monstrosity
 25345 | Swamp:3  | Noticed Nikola
 25349 | Swamp:3  | Killed Nikola
 25349 | Swamp:3  | Reached skill level 7 in Axes
 25349 | Swamp:3  | Reached skill level 14 in Shields
 25735 | Swamp:3  | Noticed a thorn hunter
 25745 | Swamp:3  | Killed a thorn hunter
 26444 | Swamp:4  | Entered Level 4 of the Swamp
 26523 | Swamp:4  | Reached skill level 15 in Stealth
 26569 | Swamp:4  | Found a runed translucent door.
 26570 | Swamp:4  | Found a shimmering altar of Xom.
 26570 | Swamp:4  | Noticed Zadkiel's ghost (adept FoFi)
 27321 | Orc:1    | Entered Level 1 of the Orcish Mines
 27353 | Orc:1    | Noticed Nergalle
 27366 | Orc:1    | Killed Nergalle
 27519 | Orc:2    | Entered Level 2 of the Orcish Mines
 27803 | Orc:2    | Found a roughly hewn altar of Beogh.
 27889 | Orc:2    | Found Nebrol's Antique Weapon Emporium.
 27903 | Orc:2    | Found Muacvil's Weapon Shoppe.
 28017 | Orc:2    | Reached XP level 17. HP: 144/144 MP: 24/24
 28132 | Orc:2    | Found a roughly hewn altar of Beogh.
 28145 | Orc:2    | Reached skill level 8 in Axes
 28201 | Orc:2    | Found Xidiutz's Magic Scroll Emporium.
 28218 | Orc:2    | Bought a scroll of blinking for 127 gold pieces
 28365 | Orc:2    | Found Itanolaf's Gadget Shoppe.
 28376 | Orc:2    | Reached skill level 16 in Fighting
 28571 | Orc:2    | Found a staircase to the Elven Halls.
 29060 | Orc:1    | Found Wamiskui's Assorted Antiques.
 29179 | Orc:1    | Noticed Urug
 29181 | Orc:1    | Killed Urug
 29435 | Snake:1  | Entered Level 1 of the Snake Pit
 29596 | Snake:1  | Found Oruimor's Mayhem Merchandise.
 29781 | Snake:1  | Found Tuzum's Distillery.
 29787 | Snake:1  | Bought a potion of heal wounds for 85 gold pieces
 29830 | Snake:1  | Identified the cursed +3 spear "Qumnutamu" {antimagic, rC+
                  | MP+9 Str+2 Stlth+} (You found it on level 1 of the Snake
                  | Pit)
 30061 | Snake:1  | Found Haiph's Jewellery Emporium.
 30061 | Snake:1  | Found Tucvin's Jewellery Emporium.
 30062 | Snake:1  | Found Elerhues's Gadget Boutique.
 30078 | Snake:1  | Bought an uncursed amulet of regeneration for 450 gold
                  | pieces
 30498 | Snake:2  | Reached skill level 15 in Shields
 30549 | Snake:2  | Reached skill level 9 in Axes
 30954 | Snake:3  | Reached skill level 16 in Stealth
 31661 | Snake:4  | Entered Level 4 of the Snake Pit
 32075 | Snake:4  | Reached skill level 3 in Armour
 32079 | Snake:4  | Reached skill level 1 in Dodging
 32205 | Snake:4  | Reached skill level 2 in Dodging
 32274 | Snake:4  | Reached XP level 18. HP: 153/153 MP: 25/25
 32308 | Snake:4  | Reached skill level 10 in Axes
 32308 | Snake:4  | Reached skill level 4 in Armour
 32372 | Snake:4  | Reached skill level 3 in Dodging
 32461 | Snake:4  | Reached skill level 17 in Fighting
 32828 | Snake:4  | Got a serpentine rune of Zot
 32921 | Snake:4  | Noticed Agnes
 32924 | Snake:4  | Killed Agnes
 32940 | Snake:4  | Upgraded the game from 0.25-a0-410-g53dbb631d1 to
                  | 0.25-a0-420-g1cc7eeb0d1
 33165 | D:13     | Reached skill level 5 in Armour
 33393 | D:13     | Reached skill level 4 in Dodging
 33905 | D:13     | Noticed Kirke
 33908 | D:13     | Killed Kirke
 34368 | D:14     | Found a gate to the Vaults.
 34421 | D:14     | Identified the cursed +2 quarterstaff of the Twelve Places
                  | {vorpal, MR++ SInv} (You found it on level 14 of the
                  | Dungeon)
 34537 | D:14     | Found Mated's Food Boutique.
 34977 | D:14     | Found Alygo's Distillery.
 35183 | D:15     | Entered Level 15 of the Dungeon
 35223 | D:15     | Reached skill level 5 in Dodging
 35341 | D:15     | Found a staircase to the Depths.
 35343 | D:15     | Reached skill level 6 in Armour
 35674 | D:15     | Found a sparkling altar of Nemelex Xobeh.
 35787 | Vaults:1 | Entered Level 1 of the Vaults
 35835 | Vaults:1 | Reached skill level 11 in Axes
 35842 | Vaults:1 | Reached skill level 17 in Stealth
 35919 | Vaults:1 | Gained mutation: You have claws for feet. [demonic
                  | ancestry]
 35919 | Vaults:1 | Reached XP level 19. HP: 112/161 MP: 26/26
 36201 | Vaults:1 | Reached skill level 6 in Dodging
 36227 | Vaults:1 | Noticed Saint Roka
 36510 | Vaults:1 | Reached skill level 7 in Armour
 36576 | Vaults:1 | Killed Saint Roka
 36926 | Vaults:1 | Identified the cursed +0 arbalest "Naubal" {speed, +Inv
                  | rElec Int+2} (You found it on level 1 of the Vaults)
 37505 | Vaults:2 | Reached skill level 7 in Dodging
 37596 | Vaults:2 | You fall into a shaft and drop 2 floors!
 37683 | Vaults:4 | Reached skill level 18 in Fighting
 37692 | Vaults:4 | Reached skill level 8 in Armour
 37882 | Vaults:4 | Reached skill level 12 in Axes
 38119 | Vaults:4 | Gained mutation: Your flesh is cold resistant. (rC+)
                  | [demonic ancestry]
 38119 | Vaults:4 | Reached XP level 20. HP: 171/171 MP: 27/27
 38289 | Vaults:4 | Reached skill level 8 in Dodging
 39046 | Vaults:3 | Reached skill level 9 in Armour
 39097 | Vaults:3 | Paralysed by an orc sorcerer for 4 turns
 39172 | Vaults:3 | Reached skill level 18 in Stealth
 39267 | Vaults:3 | Found a staircase to the Crypt.
 39267 | Vaults:3 | Found a basalt altar of Yredelemnul.
 39282 | Vaults:3 | Found an ancient bone altar of Kikubaaqudgha.
 39467 | Vaults:3 | Reached skill level 9 in Dodging
 40081 | Vaults:3 | Reached skill level 13 in Axes
 40321 | Vaults:2 | Reached skill level 10 in Armour
 40414 | Vaults:2 | Gained mutation: You are immune to freezing clouds.
                  | [demonic ancestry]
 40414 | Vaults:2 | Reached XP level 21. HP: 179/179 MP: 28/28
 40914 | Vaults:2 | Got a jewelled helmet
 40915 | Vaults:2 | Identified the +0 helmet of Wecuzuw {rF- MR- rCorr Str+10}
                  | (You found it on level 2 of the Vaults)
 41423 | Vaults:2 | Upgraded the game from 0.25-a0-420-g1cc7eeb0d1 to
                  | 0.25-a0-426-g7d9e569eea
 41423 | Vaults:2 | Upgraded the game from 0.25-a0-426-g7d9e569eea to
                  | 0.25-a0-460-g4f2eb97ec1
 41527 | Depths:1 | Entered Level 1 of the Depths
 41590 | Depths:1 | Found a gateway to Hell.
 41670 | Depths:1 | Found a gateway to a ziggurat.
 41823 | Depths:1 | Reached skill level 19 in Fighting
 41841 | Depths:1 | Found a glowing silver altar of Zin.
 41841 | Depths:1 | Found a white marble altar of Elyvilon.
 41842 | Depths:1 | Found a glowing golden altar of the Shining One.
 41936 | Depths:1 | Reached skill level 10 in Dodging
 42211 | Depths:1 | Found a one-way gate leading to the halls of Pandemonium.
 42237 | Depths:1 | Noticed an ancient lich
 42239 | Depths:1 | Killed an ancient lich
 42271 | Depths:1 | Identified Abra's Reference Book on Stolen Souls
 42641 | Depths:2 | Reached skill level 11 in Armour
 42703 | Depths:2 | Found a portal to a secret trove of treasure.
 42937 | Depths:2 | Noticed a curse skull
 42944 | Depths:2 | Killed a curse skull
 43081 | Depths:2 | Found a runed door.
 43137 | Depths:2 | Noticed an ancient lich
 43145 | Depths:2 | Noticed an ancient lich
 43162 | Depths:2 | Killed an ancient lich
 43162 | Depths:2 | Reached skill level 19 in Stealth
 43173 | Depths:2 | Killed an ancient lich
 43173 | Depths:2 | Reached skill level 11 in Dodging
 43173 | Depths:2 | Gained mutation: You are completely attuned to the shadows.
                  | [demonic ancestry]
 43173 | Depths:2 | Reached XP level 22. HP: 71/188 MP: 29/29
 43307 | Depths:2 | Identified the ring "Lepufonu" {rN+ MR+ Str-4 SInv} (You
                  | found it on level 2 of the Depths)
 43327 | Depths:2 | Identified the cursed +1 double sword of Trog's Brutal
                  | Revenge {vorpal, *Rage Str+6} (You found it on level 2 of
                  | the Depths)
 43329 | Depths:2 | Identified the ring "Usob" {rPois MR+ Dex+3 SInv} (You
                  | found it on level 2 of the Depths)
 43333 | Depths:2 | Identified the amulet "Sexymn" {Reflect rC++ Str+4 Int+3
                  | SH+3} (You found it on level 2 of the Depths)
 43342 | Depths:2 | Identified the +6 morningstar of Analysis {protect, +Rage
                  | rPois} (You found it on level 2 of the Depths)
 43369 | Depths:2 | Reached skill level 14 in Axes
 43717 | Depths:2 | Paralysed by a sphinx for 7 turns
 43986 | Depths:3 | Paralysed by a vampire knight for 6 turns
 43988 | Depths:3 | Noticed Margery
 44324 | Depths:3 | You fall into a shaft and drop 2 floors!
 44324 | Depths:5 | Entered Level 5 of the Depths
 44510 | Depths:5 | Reached skill level 12 in Armour
 44609 | Depths:4 | Found a one-way gate to the infinite horrors of the Abyss.
 44810 | Depths:4 | Reached skill level 20 in Fighting
 44871 | Depths:4 | Reached skill level 12 in Dodging
 44892 | Depths:4 | Identified the cursed ring "Jydou" {rF++ rC+ Str+2 Int-3
                  | Dex-2}
 44979 | Depths:4 | Reached XP level 23. HP: 196/196 MP: 30/30
 45178 | Depths:4 | Identified a +1 robe of resistance
 45293 | Depths:4 | Noticed an ancient lich
 45333 | Depths:4 | HP: 9/197 [ancient lich/iron shot (60)]
 45336 | Depths:4 | Killed an ancient lich
 45336 | Depths:4 | Reached skill level 15 in Axes
 45394 | Depths:4 | Identified the ring "Louschuol" {Str+3 Int+4} (You found it
                  | on level 4 of the Depths)
 45437 | Depths:4 | Noticed a caustic shrike
 45439 | Depths:4 | Killed a caustic shrike
 46021 | Depths:3 | Reached skill level 20 in Stealth
 46027 | Depths:3 | Noticed Aizul
 46042 | Depths:3 | Killed Aizul
 46168 | Depths:3 | Killed Margery
 46168 | Depths:3 | Reached skill level 13 in Armour
 46399 | Depths:3 | Found the +7 lajatang of Order {silver, rMut}
 46409 | Depths:3 | Noticed a juggernaut
 46425 | Depths:3 | Killed a juggernaut
 46472 | Depths:3 | Reached skill level 4 in Short Blades
 46590 | Depths:3 | Reached skill level 13 in Dodging
 46854 | Depths:5 | Noticed a juggernaut
 46869 | Depths:5 | Killed a juggernaut
 46932 | Depths:5 | Gained mutation: You regenerate a lot of health from kills.
                  | [demonic ancestry]
 46932 | Depths:5 | Reached XP level 24. HP: 206/206 MP: 30/30
 47192 | Depths:5 | Found a gate to the Realm of Zot.
 47488 | Depths:5 | Upgraded the game from 0.25-a0-460-g4f2eb97ec1 to
                  | 0.26-a0-478-g6c97825307
 47904 | Swamp:4  | Noticed the 27-headed Lernaean hydra
 47915 | Swamp:4  | Killed the 26-headed Lernaean hydra
 47917 | Swamp:4  | Reached skill level 5 in Short Blades
 48220 | Swamp:4  | Got a decaying rune of Zot
 48630 | Swamp:4  | Killed Zadkiel's ghost
 48688 | Swamp:4  | Upgraded the game from 0.26-a0-478-g6c97825307 to
                  | 0.26-a0-753-g4680b4fa2e
 48688 | Swamp:4  | Upgraded the game from 0.26-a0-753-g4680b4fa2e to
                  | 0.28-a0-100-g47d82705ae
 48688 | Swamp:4  | Reached skill level 22 in Fighting
 48688 | Swamp:4  | Reached skill level 16 in Axes
 48688 | Swamp:4  | Reached skill level 21 in Stealth
 48688 | Swamp:4  | Reached skill level 16 in Shields
 48688 | Swamp:4  | Upgraded the game from 0.28-a0-100-g47d82705ae to
                  | 0.31-a0-256-g80acddb972
 49145 | Vaults:5 | Entered Level 5 of the Vaults
 49160 | Vaults:5 | Reached skill level 14 in Armour
 49168 | Vaults:5 | Gained mutation: You are vulnerable to heat. (rF-) [a
                  | shining eye]
 49171 | Vaults:5 | Identified the +5 broad axe of the Mind {freeze, Will+
                  | Dex+2}
 49234 | Vaults:5 | Reached skill level 14 in Dodging
 49239 | Vaults:5 | Identified the ring of Ethics {Str-3 Int+4}
 49262 | Vaults:5 | Identified the ring "Varph" {Wiz Dex+4}
 49304 | Vaults:5 | Reached skill level 22 in Stealth
 49390 | Vaults:5 | Gained mutation: A frigid envelope surrounds you and
                  | freezes all who hurt you. [demonic ancestry]
 49390 | Vaults:5 | Reached XP level 25. HP: 219/219 MP: 21/30
 49512 | Vaults:5 | Got a silver rune of Zot
 49556 | Vaults:5 | Identified the amulet of the Mackerel {Inacc rElec rPois
                  | Will++ Int-3}
 49699 | Vaults:5 | Identified the +6 hand axe "Fici" {drain, rElec Will+
                  | Str+5}
 49982 | Vaults:5 | Reached skill level 17 in Axes
 50075 | Vaults:5 | Got the Handbook of the Captivating Glacier
 50077 | Vaults:5 | Identified the +0 robe "Baotrasa" {rElec}
 50085 | Vaults:5 | Found the +0 Maxwell's etheric cage {RegenMP+ Contam rElec
                  | MP+4}
 50387 | Vaults:5 | Identified +1 pearl dragon scales
 50596 | Vaults:5 | Found the +8 Wrath of Trog {antimagic, *Rage Rampage}
 51024 | Elf:1    | Entered Level 1 of the Elven Halls
 51238 | Elf:1    | Found a runed translucent gate.
 51238 | Elf:1    | Found a runed translucent gate.
 51238 | Elf:1    | Found a runed translucent gate.
 51278 | Elf:1    | Found a runed translucent gate.
 51281 | Elf:1    | Found a runed translucent gate.
 51281 | Elf:1    | Found a runed translucent gate.
 51471 | Elf:1    | Reached skill level 17 in Shields
 51697 | Elf:1    | Reached skill level 15 in Armour
 52257 | Elf:2    | Found a runed translucent gate.
 52257 | Elf:2    | Found a runed translucent gate.
 52257 | Elf:2    | Found a runed translucent gate.
 52262 | Elf:2    | Noticed confidenceinterval's ghost (adept MiHs)
 52284 | Elf:2    | You are cast into the Abyss!
 52284 | Abyss:4  | Cast into level 4 of the Abyss (confidenceinterval's ghost)
 52339 | Abyss:4  | Gained mutation: Your magical capacity is low. (-10% MP) [a
                  | neqoxec]
 52521 | Abyss:4  | Got an abyssal rune of Zot
 52538 | Abyss:4  | Found a corrupted altar of Lugonu.
 52564 | Elf:2    | You pass through the gate.
 52564 | Elf:2    | Escaped the Abyss
 52585 | Elf:2    | Killed confidenceinterval's ghost
 53173 | Elf:2    | Found a runed translucent gate.
 53174 | Elf:2    | Found a runed translucent gate.
 53174 | Elf:2    | Found a runed translucent gate.
 53295 | Elf:2    | Reached skill level 15 in Dodging
 53592 | Elf:2    | Reached skill level 11 in Invocations
 53596 | Elf:2    | Reached skill level 23 in Fighting
 53655 | Elf:2    | Noticed Zenata
 53674 | Elf:2    | Killed Zenata
 53846 | Elf:3    | Entered Level 3 of the Elven Halls
 53916 | Elf:3    | Noticed Roxanne
 53925 | Elf:3    | Killed Roxanne
 54041 | Elf:3    | Found Idwierui's Assorted Antiques.
 54042 | Elf:3    | Found Itiar's General Store.
 54046 | Elf:3    | Bought a bloodstained chain mail for 361 gold pieces
 54046 | Elf:3    | Identified the +6 chain mail of Lifelessness {Dex+3 SInv}
                  | (You bought it in a shop on level 3 of the Elven Halls)
 54067 | Elf:3    | Found Xokoerul's Book Shoppe.
 54254 | Elf:3    | You are cast into the Abyss!
 54254 | Abyss:4  | Cast into level 4 of the Abyss (a deep elf sorcerer)
 54258 | Elf:3    | You pass through the gate.
 54258 | Elf:3    | Escaped the Abyss
 54459 | Elf:3    | Gained mutation: You are completely covered in molten
                  | scales. (AC +4, rF+) [demonic ancestry]
 54459 | Elf:3    | Reached XP level 26. HP: 228/228 MP: 28/28
 54569 | Elf:3    | Identified the +6 plate armour of Ru's Grace {Will++ rCorr
                  | Str-5 Int+3}
 54581 | Elf:3    | Identified the +1 plate armour of Gestures {rElec Will+}
 54614 | Elf:3    | Found the +10 tower shield of Ignorance {rN+ Int-4}
 55488 | Slime:1  | Entered Level 1 of the Pits of Slime
 55656 | Slime:1  | Reached skill level 12 in Invocations
 57225 | Slime:5  | Entered Level 5 of the Pits of Slime
 57253 | Slime:5  | Reached skill level 18 in Axes
 57540 | Slime:5  | Reached skill level 23 in Stealth
 57638 | Slime:5  | Reached skill level 16 in Armour
 57691 | Slime:5  | Found a viscous altar of Jiyva.
 57808 | Slime:5  | Noticed the Royal Jelly
 58105 | Slime:5  | Killed the Royal Jelly
 58263 | Slime:5  | Identified the ring "Vueph" {rCorr Str+8}
 58265 | Slime:5  | Identified the ring "Magibiutt" {rN+ rCorr}
 58283 | Slime:5  | Identified the staff "Ycoddiosmy" {rElec rF+++ rC- Will-
                  | Earth}
 58301 | Slime:5  | Identified the +5 flail of Fosufuk {elec, Int+5 Dex+4}
 58303 | Slime:5  | Got a slimy rune of Zot
 58304 | Slime:5  | Identified the ring "Kuc Miunt" {rCorr Str+5 Dex+3}
 58325 | Slime:5  | Identified the ring "Qeum" {rPois Str+3}
 58728 | Zot:1    | Entered Level 1 of the Realm of Zot
 58745 | Zot:1    | Noticed an orb of fire
 58749 | Zot:1    | Gained mutation: You are frail. (-10% HP) [an orb of fire]
 58754 | Zot:1    | Reached skill level 13 in Invocations
 58766 | Zot:1    | Gained mutation: You occasionally lose the ability to drink
                  | potions when taking damage. [an orb of fire]
 58772 | Zot:1    | Killed an orb of fire
 58773 | Zot:1    | Reached skill level 18 in Shields
 60120 | Zot:2    | Reached skill level 16 in Dodging
 60180 | Zot:2    | Lost mutation: You occasionally lose the ability to drink
                  | potions when taking damage. [potion of mutation]
 60180 | Zot:2    | Lost mutation: You are frail. (-10% HP) [potion of
                  | mutation]
 60180 | Zot:2    | Lost mutation: Your magical capacity is low. (-10% MP)
                  | [potion of mutation]
 60180 | Zot:2    | Gained mutation: You sometimes lose your temper in combat.
                  | [potion of mutation]
 60576 | Zot:3    | Noticed an electric golem
 60594 | Zot:3    | Killed an electric golem
 60595 | Zot:3    | Reached XP level 27. HP: 231/237 MP: 33/33
 60770 | Zot:3    | Noticed a curse toe
 60776 | Zot:3    | Killed a curse toe
 60952 | Zot:3    | Noticed a curse toe
 60964 | Zot:3    | Killed a curse toe
 61305 | Zot:3    | Reached skill level 14 in Invocations
 61410 | Zot:3    | Identified the ring of Gyenn {Ice Fly Dex+3}
 61410 | Zot:3    | Noticed Josephina
 61433 | Zot:3    | Killed Josephina
 62242 | Zot:4    | Reached skill level 24 in Fighting
 62620 | Zot:5    | Entered Level 5 of the Realm of Zot
 62647 | Zot:5    | Lost mutation: You sometimes lose your temper in combat.
                  | [potion of mutation]
 62647 | Zot:5    | Lost mutation: You are vulnerable to heat. (rF-) [potion of
                  | mutation]
 62647 | Zot:5    | Gained mutation: Your mind is acute. (Int +4, Str/Dex -1)
                  | [potion of mutation]
 62647 | Zot:5    | Gained mutation: Armour fits poorly on your strangely
                  | shaped body. [potion of mutation]
 62648 | Zot:5    | Lost mutation: Your mind is acute. (Int +4, Str/Dex -1)
                  | [potion of mutation]
 62648 | Zot:5    | Lost mutation: Armour fits poorly on your strangely shaped
                  | body. [potion of mutation]
 62648 | Zot:5    | Gained mutation: You are strong-willed. (Will+) [potion of
                  | mutation]
 62719 | Zot:5    | Noticed a curse toe
 62740 | Zot:5    | Killed a curse toe
 63061 | Zot:5    | Noticed an electric golem
 63103 | Zot:5    | Killed an electric golem
 63334 | Zot:5    | Noticed an ancient lich
 63342 | Zot:5    | Noticed a dread lich
 63345 | Zot:5    | Killed an ancient lich
 63356 | Zot:5    | Killed a dread lich
 63404 | Zot:5    | Noticed an electric golem
 63415 | Zot:5    | Noticed a dread lich
 63416 | Zot:5    | Noticed an orb of fire
 63421 | Zot:5    | Killed a dread lich
 63422 | Zot:5    | Killed an electric golem
 63422 | Zot:5    | Gained mutation: You occasionally shout uncontrollably at
                  | your foes. [an orb of fire]
 63428 | Zot:5    | Killed an orb of fire
 63435 | Zot:5    | Reached skill level 19 in Axes
 63440 | Zot:5    | Reached skill level 17 in Armour
 63518 | Zot:5    | Noticed a dread lich
 63519 | Zot:5    | Noticed an orb of fire
 63541 | Zot:5    | Killed a dread lich
 63544 | Zot:5    | Killed an orb of fire
 63607 | Zot:5    | Noticed an ancient lich
 63618 | Zot:5    | Reached skill level 17 in Dodging
 63619 | Zot:5    | Noticed an electric golem
 63627 | Zot:5    | Killed an ancient lich
 63638 | Zot:5    | Killed an electric golem
 63660 | Zot:5    | Reached skill level 19 in Shields
 64171 | Zot:5    | Got the Orb of Zot
 64397 | Depths:2 | Reached skill level 24 in Stealth
 64419 | Depths:1 | Noticed Luts the pandemonium lord
 64712 | D:6      | Noticed Sacogeb the pandemonium lord
 64727 | D:6      | Killed Sacogeb the pandemonium lord
 64789 | D:3      | Noticed Moluyrpho the pandemonium lord
 64803 | D:3      | Gained mutation: You are clumsy. (Dex -2) [a cacodemon]
 64804 | D:3      | Killed Moluyrpho the pandemonium lord
 64837 | D:1      | Noticed Lyarul the pandemonium lord
 64852 | D:1      | Killed Lyarul the pandemonium lord
 64887 | D:$      | Escaped with the Orb!

Vanquished Creatures
  6 ancient liches
  2 juggernauts
  the Royal Jelly (Slime:5)
  Saint Roka (Vaults:1)
  Margery (Depths:3)
  3 dread liches (Zot:5)
  3 orbs of fire the Lernaean hydra (Swamp:4)
  A caustic shrike (Depths:4)
  Nikola (Swamp:3)
  A pearl dragon (Depths:1)
  Josephina (Zot:3)
  22 tentacled monstrosities
  3 curse toes
  9 Killer Klowns
  4 titans
  10 liches
  The ghost of Zadkiel the Severer, an adept FoFi of Okawaru (Swamp:4)
  The ghost of confidenceinterval the Hoplite, an adept MiHs of Okawaru (Elf:2)
  5 golden dragons
  Agnes (Snake:4)
  4 electric golems
  Kirke (D:13)
  7 sphinxes
  A Tzitzimitl (D:9)
  19 storm dragons
  12 shadow dragons
  A thorn hunter (Swamp:3)
  3 draconian monks
  7 tengu reavers
  Zenata (Elf:2)
  3 Hell Sentinels
  12 fire giants
  10 nagarajas
  An Ice Fiend (Zot:3)
  27 Orb Guardians
  Aizul (Depths:3)
  A deep elf master archer (Elf:3)
  16 vault wardens
  2 iron dragons (Depths:4)
  11 frost giants
  2 orc warlords
  A curse skull (Depths:2)
  4 draconian scorchers
  11 deep elf sorcerers
  5 quicksilver dragons
  11 draconian shifters
  6 draconian annihilators
  17 acid blobs
  2 deep elf blademasters (Elf:3)
  4 death cobs
  2 spriggan defenders
  15 ironbound preservers
  2 reapers
  2 Executioners
  12 very ugly things
  4 tentacled starspawn
  18 stone giants
  Roxanne (Elf:3)
  4 vampire knights
  5 entropy weavers
  A caustic shrike skeleton (Depths:1)
  An ophan (Depths:1)
  3 pandemonium lords
  4 draconian knights
  An apis (Depths:1)
  11 deep elf annihilators
  9 spark wasps
  7 yellow draconians
  8 red draconians
  10 rockslimes
  13 azure jellies
  10 deep elf demonologists
  A minotaur (Gauntlet)
  2 blizzard demons
  5 white draconians
  A ghoul (Vaults:5)
  5 deep elf elementalists (Elf:3)
  5 draconian stormcallers
  10 ettins
  16 quicksilver oozes
  8 formless jellyfish
  A green death (Gauntlet)
  2 war gargoyles (Vaults:5)
  7 rakshasas
  4 black draconians
  A jiangshi (Depths:4)
  19 great orbs of eyes
  17 fire dragons
  28 yaktaur captains
  9 naga warriors
  7 green draconians
  12 ice dragons
  6 purple draconians
  17 ogre magi
  9 anacondas
  35 vault guards
  4 deep elf death magi
  22 hydras
  7 spriggan air magi
  43 two-headed ogres
  A shambling mangrove (Swamp:2)
  3 deep elf high priests (Elf:3)
  A merfolk javelineer (Abyss:4)
  15 centaur warriors
  16 alligators
  39 dancing weapons
  5 death knights
  2 tengu warriors
  3 death yaks (IceCv)
  6 deep troll shamans
  2 hell hogs
  Urug (Orc:1)
  3 vampire magi
  An alligator snapping turtle (Zot:5)
  7 spriggan berserkers
  9 naga sharpshooters
  5 orc high priests (Orc:2)
  8 deep troll earth magi
  9 shock serpents
  9 hell knights
  9 soul eaters
  A satyr (Abyss:4)
  Sonja (Lair:3)
  3 thrashing horrors
  Nergalle (Orc:1)
  A shock serpent (shapeshifter) (Vaults:5)
  4 shadow wraiths
  A sea snake (shapeshifter) (Depths:4)
  24 deep elf knights
  5 iron trolls
  A sun demon (D:15)
  A wretched star (Abyss:4)
  A sixfirhy (D:15)
  8 sea snakes (Snake:4)
  21 skeletal warriors
  4 unseen horrors
  5 flayed ghosts
  15 swamp dragons
  5 glowing orange brains
  26 deep trolls
  3 spriggan druids
  2 naga ritualists (Snake:4)
  13 deep elf archers
  18 ironbound convokers
  A lindwurm (shapeshifter) (Vaults:5)
  A harpy (shapeshifter) (Depths:4)
  32 deep elf zephyrmancers
  12 necromancers
  7 wizards
  10 harpies
  A mana viper (shapeshifter) (Depths:3)
  8 phantasmal warriors
  5 wolf spiders
  An oklob plant (D:15)
  An orb spider (shapeshifter) (Vaults:3)
  22 orc knights
  5 mana vipers
  10 orc sorcerers
  11 cyclopes
  4 shining eyes
  4 starcursed masses (Abyss:4)
  44 deep elf pyromancers
  8 manticores
  34 ugly things
  A cyclops (shapeshifter) (Elf:3)
  4 manticores (shapeshifter)
  A worldbinder (Abyss:4)
  8 salamanders
  A shining eye (shapeshifter) (Vaults:5)
  A frost giant zombie (Depths:1)
  A stone giant skeleton (Vaults:3)
  13 elephants
  Maurice (D:8)
  13 naga magi
  A black mamba (shapeshifter) (Vaults:4)
  22 moths of wrath
  A frost giant skeleton (Depths:1)
  2 human skeletons (Vaults:3)
  3 centaur zombies
  2 torpor snails
  8 guardian serpents
  A guardian serpent (shapeshifter) (Vaults:3)
  An eye of devastation (Slime:4)
  An ice statue (IceCv)
  2 rust devils (Depths:3)
  23 vault sentinels
  38 cane toads
  3 gargoyles
  An apocalypse crab (Abyss:4)
  2 molten gargoyles (Volcano)
  22 black mambas
  A cane toad (shapeshifter) (Elf:1)
  2 smoke demons
  An unseen horror (shapeshifter) (Vaults:5)
  2 orange demons
  A minotaur zombie (Gauntlet)
  A hellion (D:4)
  8 freezing wraiths
  2 kobold demonologists
  4 rime drakes
  69 yaktaurs
  A harpy zombie (D:15)
  A yaktaur (shapeshifter) (Depths:1)
  A tormentor (D:11)
  2 demonic crawlers (D:13)
  An efreet (D:9)
  3 ancient zymes (Abyss:4)
  5 komodo dragons
  A silent spectre (Depths:2)
  12 polar bears
  A red devil (Depths:3)
  A queen bee (Lair:2)
  2 merfolk (shapeshifter) (Depths:4)
  A meliai (D:9)
  2 queen bees (shapeshifter)
  12 trolls
  A meliai (shapeshifter) (Depths:2)
  A polar bear (shapeshifter) (Vaults:5)
  4 large abominations
  2 wind drakes (shapeshifter)
  14 tyrant leeches
  A shadow dragon simulacrum (Zot:3)
  10 hornets
  8 bog bodies
  A hellwing (D:15)
  142 slime creatures
  18 blink frogs
  A deep troll zombie (Depths:1)
  4 dream sheep (Lair:5)
  A removed hippogriff (shapeshifter) (Vaults:4)
  A snapping turtle (shapeshifter) (Vaults:1)
  A draconian simulacrum (Zot:3)
  A blink frog (shapeshifter) (Vaults:1)
  6 removed hippogriffs
  6 raiju (Abyss:4)
  A tarantella (shapeshifter) (Depths:5)
  4 air elementals
  A redback (shapeshifter) (Depths:4)
  9 fire bats
  3 spriggans
  9 water elementals
  3 shadows
  4 ynoxinuls
  8 wraiths
  2 wyverns
  A centaur simulacrum (D:14)
  4 basilisks
  3 vampires
  A hog (D:13)
  56 yaks
  A redback simulacrum (D:15)
  4 fire elementals
  9 golden eyes
  31 vampire mosquitoes
  2 chaos spawn
  2 removed hungry ghosts
  Edmund (D:5)
  3 neqoxecs (Abyss:4)
  A black draconian simulacrum (Zot:3)
  A steam dragon (Volcano)
  49 nagas
  23 swamp worms
  13 wargs
  A human zombie (Depths:1)
  23 insubstantial wisps
  A removed soldier ant (D:12)
  13 water moccasins
  2 acid dragons
  5 small abominations
  9 hell hounds
  A moth of wrath simulacrum (Zot:3)
  2 floating eyes
  6 removed porcupines
  3 ice beasts
  72 orc warriors
  11 swamp drakes
  2 phantoms
  3 sky beasts
  A necrophage (D:10)
  A removed eye of draining (shapeshifter) (Depths:1)
  A removed eye of draining (D:13)
  5 boggarts
  49 ogres
  21 centaurs
  An elf skeleton (Vaults:3)
  12 removed crocodiles
  23 wolves
  5 kobold brigands
  27 bullfrogs
  A wyvern zombie (D:14)
  A gnoll sergeant (D:8)
  An earth elemental (Elf:3)
  6 scorpions
  A human simulacrum (Vaults:3)
  31 killer bees
  8 wights
  5 electric eels
  2 howler monkeys (D:10)
  7 crimson imps
  8 lava snakes
  3 bullfrog zombies
  2 quasits
  5 hounds
  38 orc priests
  4 jellies
  4 centaur skeletons
  4 iron imps
  4 iguanas
  An iguana (shapeshifter) (Vaults:1)
  41 orc wizards
  10 removed worker ants
  A shapeshifter simulacrum (Depths:1)
  A howler monkey zombie (D:8)
  A removed worker ant zombie (D:10)
  13 gnolls
  6 adders
  9 shadow imps
  5 white imps
  An endoplasm (shapeshifter) (Vaults:4)
  6 ufetubi
  2 endoplasms
  4 adder zombies
  An adder skeleton (D:9)
  2 worms
  13 dart slugs
  168 orcs
  8 removed leopard geckos
  3 ball pythons
  4 bats
  4 giant cockroaches
  8 goblins
  10 hobgoblins
  6 jackals
  10 kobolds
  6 quokkas
  4 frilled lizards
  A jackal skeleton (D:7)
  A quokka skeleton (D:3)
  4 rats
  A removed leopard gecko skeleton (D:7)
  2 fire vortices
  A lurking horror (Abyss:4)
  A starspawn tentacle (Abyss:4)
2846 creatures vanquished.

Vanquished Creatures (collateral kills)
  A howler monkey (D:10)
1 creature vanquished.

Vanquished Creatures (others)
  A tengu reaver (Depths:4)
  A shadow dragon (Vaults:5)
  A vault warden (Vaults:5)
  An ironbound preserver (Vaults:5)
  A two-headed ogre (Vaults:4)
  A deep elf high priest (Elf:1)
  A centaur warrior (Depths:4)
  An ogre mage (Vaults:3)
  A dancing weapon (Elf:3)
  3 deep elf knights (Elf:1)
  A swamp dragon (shapeshifter) (Vaults:5)
  A polar bear (IceCv)
  A tyrant leech (Swamp:3)
  A human (Depths:2)
  An orc warrior (Vaults:1)
  A wolf (IceCv)
  An ogre (Depths:3)
  An electric eel (Elf:3)
  A lava snake (Snake:2)
  An orc (Elf:1)
  2 starspawn tentacles (Abyss:4)
24 creatures vanquished.

Grand Total: 2871 creatures vanquished

Table legend: (Time is in decaauts)
 A = Elapsed time spent in this place.
 B = Non-inter-level travel time spent in this place.
 C = Inter-level travel time spent in this place.
 D = Time resting spent in this place.
 E = Time spent auto-exploring this place.
 F = Levels seen in this place.
 G = Mean time per level.
                   A        B        C        D        E       F      G
               +--------+--------+--------+--------+--------+-----+--------+
         Total |  63019 |  57401 |   5618 |   7019 |  35786 |  60 | 1050.3 |
       Dungeon |  17930 |  15413 |   2517 |   2619 |   9272 |  15 | 1195.3 |
        Temple |    157 |    145 |     12 |      0 |    137 |   1 |  157.0 |
          Lair |   6029 |   5146 |    883 |    194 |   3693 |   6 | 1004.8 |
         Swamp |   4652 |   4282 |    370 |    761 |   2477 |   4 | 1163.0 |
     Snake Pit |   3512 |   3352 |    160 |    238 |   2166 |   4 |  878.0 |
    Slime Pits |   2776 |   2622 |    154 |     58 |   1778 |   5 |  555.2 |
  Orcish Mines |   2074 |   1839 |    235 |      0 |   1322 |   2 | 1037.0 |
   Elven Halls |   3748 |   3626 |    122 |    253 |   2525 |   3 | 1249.3 |
        Vaults |   7150 |   6569 |    581 |    249 |   4549 |   5 | 1430.0 |
        Depths |   5680 |   5412 |    268 |    433 |   3195 |   5 | 1136.0 |
           Zot |   5325 |   5012 |    313 |    284 |   3748 |   5 | 1065.0 |
         Abyss |    233 |    233 |      0 |      0 |     34 |   2 |  116.5 |
      Ice Cave |   1787 |   1787 |      0 |   1165 |    187 |   1 | 1787.0 |
       Volcano |    705 |    705 |      0 |     87 |    372 |   1 |  705.0 |
      Gauntlet |   1256 |   1256 |      0 |    676 |    327 |   1 | 1256.0 |
               +--------+--------+--------+--------+--------+-----+--------+

Top non-repeatable levels by time:
Vaults:5: 1517 daAuts
   Zot:5: 1493 daAuts
   Elf:2: 1428 daAuts
   Elf:3: 1331 daAuts
   Zot:3: 1270 daAuts
 Slime:5: 1048 daAuts
   Elf:1: 988 daAuts
   Zot:1: 949 daAuts
 Swamp:4: 847 daAuts
   Zot:2: 810 daAuts
   Zot:4: 801 daAuts
 Slime:1: 485 daAuts
 Slime:3: 464 daAuts
 Slime:2: 415 daAuts
 Slime:4: 363 daAuts
Note: time per level data comes from an upgraded game and may be incomplete.

Table legend:
 A = Non-vault XP
 B = Vault XP
 C = Vault XP percentage of total XP
 D = Non-vault monster count
 E = Vault monster count
 F = Vault count percentage of total count
                 A         B        C        D         E       F
            +---------+---------+-------+---------+---------+-------
      Total |  828487 |  829681 |  50.0 |    1716 |    1097 |  39.0
            +---------+---------+-------+---------+---------+-------
        D:1 |      39 |       0 |   0.0 |      18 |       0 |   0.0
        D:2 |     183 |       0 |   0.0 |      28 |       0 |   0.0
        D:3 |     171 |      36 |  17.4 |      24 |       9 |  27.3
        D:4 |     185 |       0 |   0.0 |      18 |       0 |   0.0
        D:5 |     231 |     173 |  42.8 |      10 |       1 |   9.1
        D:6 |     321 |       0 |   0.0 |      17 |       0 |   0.0
        D:7 |     847 |       0 |   0.0 |      17 |       0 |   0.0
        D:8 |     946 |    1053 |  52.7 |      23 |       8 |  25.8
        D:9 |    2714 |    2154 |  44.2 |      25 |      13 |  34.2
       D:10 |    3640 |    1041 |  22.2 |      24 |       4 |  14.3
       D:11 |    1573 |       0 |   0.0 |      15 |       0 |   0.0
       D:12 |    7383 |       0 |   0.0 |      58 |       0 |   0.0
       D:13 |    5501 |    3828 |  41.0 |      13 |       8 |  38.1
       D:14 |   16675 |    2069 |  11.0 |      52 |       5 |   8.8
       D:15 |   14555 |    2422 |  14.3 |      34 |       2 |   5.6
     Lair:1 |    1912 |       0 |   0.0 |      10 |       0 |   0.0
     Lair:2 |    4347 |    1777 |  29.0 |      18 |      25 |  58.1
     Lair:3 |    4172 |    1848 |  30.7 |      20 |       5 |  20.0
     Lair:4 |    3366 |       0 |   0.0 |      18 |       0 |   0.0
     Lair:5 |    7871 |    1072 |  12.0 |      26 |       6 |  18.8
     Lair:6 |   10068 |   12184 |  54.8 |      34 |      47 |  58.0
    Swamp:1 |   18335 |       0 |   0.0 |      40 |       0 |   0.0
    Swamp:2 |   12245 |    2898 |  19.1 |      34 |       1 |   2.9
    Swamp:3 |   14548 |    3949 |  21.3 |      43 |       1 |   2.3
    Swamp:4 |    9701 |   21404 |  68.8 |      32 |      27 |  45.8
    Snake:1 |   11415 |    1832 |  13.8 |      20 |       4 |  16.7
    Snake:2 |    7972 |       0 |   0.0 |      19 |       0 |   0.0
    Snake:3 |   16219 |       0 |   0.0 |      29 |       0 |   0.0
    Snake:4 |   11137 |   42315 |  79.2 |      26 |      58 |  69.0
    Slime:1 |    6693 |       0 |   0.0 |      15 |       0 |   0.0
    Slime:2 |   22085 |       0 |   0.0 |      36 |       0 |   0.0
    Slime:3 |    8833 |       0 |   0.0 |      15 |       0 |   0.0
    Slime:4 |   11076 |       0 |   0.0 |      24 |       0 |   0.0
    Slime:5 |   18383 |   23353 |  56.0 |      45 |      16 |  26.2
      Orc:1 |    1960 |    1659 |  45.8 |      34 |       2 |   5.6
      Orc:2 |       0 |   20622 | 100.0 |       0 |     146 | 100.0
      Elf:1 |   15444 |   24449 |  61.3 |      26 |      45 |  63.4
      Elf:2 |   30436 |   31977 |  51.2 |      47 |      38 |  44.7
      Elf:3 |   14001 |   38063 |  73.1 |      25 |      34 |  57.6
   Vaults:1 |   29155 |   28158 |  49.1 |      67 |      55 |  45.1
   Vaults:2 |   18976 |    6647 |  25.9 |      49 |      10 |  16.9
   Vaults:3 |   50919 |   22041 |  30.2 |      96 |      33 |  25.6
   Vaults:4 |   50125 |   22800 |  31.3 |      76 |      29 |  27.6
   Vaults:5 |   37160 |   96290 |  72.2 |      72 |      95 |  56.9
   Depths:1 |   31658 |   22154 |  41.2 |      50 |      12 |  19.4
   Depths:2 |   37137 |   59501 |  61.6 |      37 |      48 |  56.5
   Depths:3 |   47482 |   49243 |  50.9 |      52 |      39 |  42.9
   Depths:4 |    3138 |  103719 |  97.1 |      12 |      91 |  88.3
   Depths:5 |   42901 |   20335 |  32.2 |      50 |      26 |  34.2
      Zot:1 |   19642 |       0 |   0.0 |      17 |       0 |   0.0
      Zot:2 |   41116 |       0 |   0.0 |      37 |       0 |   0.0
      Zot:3 |   40170 |    6280 |  13.5 |      29 |       7 |  19.4
      Zot:4 |   33714 |    7896 |  19.0 |      24 |       7 |  22.6
      Zot:5 |   17391 |  107505 |  86.1 |      11 |      45 |  80.4
    Abyss:4 |   10620 |   10684 |  50.2 |      25 |      14 |  35.9
      IceCv |       0 |   14259 | 100.0 |       0 |      50 | 100.0
    Volcano |       0 |    4552 | 100.0 |       0 |      18 | 100.0
   Gauntlet |       0 |    5439 | 100.0 |       0 |      13 | 100.0
            +---------+---------+-------+---------+---------+-------
